EL
CHATTANOOGA LOOKOUTS @ MONTGOMERY BISCUITS
07/21/2044
 
TOP OF THE 1ST
Akron RubberDucks batting - Pitching for Bowie Baysox : RHP Jose Alarcon
Pitching: RHP Jose Alarcon
Batting: LHB Kobo Tsuji 0-0: Ball
1-0: Called Strike
1-1: Foul Ball, location: 2F
1-2: Ground out 5-3 (Groundball, 56, EV 95.0 MPH)
Batting: RHB Adam Crum 0-0: Called Strike
0-1: Fly out, F3 (Popup, 23F, EV 83.1 MPH)
Batting: RHB Kensou Kumagai 0-0: Foul Ball, location: 2F
0-1: Foul Ball, location: 2F
0-2: Ground out 4-3 (Groundball, 4MS, EV 86.9 MPH)
Top of the 1st over - 0 runs, 0 hits, 0 errors, 0 left on base; Akron 0 - Bowie 0
BOTTOM OF THE 1ST
Bowie Baysox batting - Pitching for Akron RubberDucks : RHP David Isidro
Pitching: RHP David Isidro
Batting: LHB Larry Prey 0-0: Called Strike
0-1: Foul Ball, location: 2F
0-2: Ground out 6-3 (Groundball, 4MS, EV 60.0 MPH)
Batting: LHB Suguru Tokunaga 0-0: SINGLE (Groundball, 4M, EV 103.8 MPH) (infield hit)
Batting: RHB Sergio Godinez 0-0: Ball
1-0: Ball
Suguru Tokunaga steals 2nd base (no throw)
2-0: Fly out, F2 (Popup, 5SF, EV 85.6 MPH)
Batting: SHB Olaf Zoeteman 0-0: Called Strike
0-1: Ground out 4-3 (Groundball, 4, EV 85.6 MPH)
Bottom of the 1st over - 0 runs, 1 hit, 0 errors, 1 left on base; Akron 0 - Bowie 0
TOP OF THE 2ND
Akron RubberDucks batting - Pitching for Bowie Baysox : RHP Jose Alarcon
Batting: LHB Zach Guzman 0-0: Ball
1-0: Ground out U3 (Groundball, 34S, EV 88.1 MPH)
Batting: RHB Jose Leal 0-0: Ball
1-0: Foul Ball, location: 2F
1-1: SINGLE (Groundball, 56S, EV 70.0 MPH) (infield hit)
Batting: LHB Ignacio Bernal 0-0: Called Strike
0-1: Called Strike
0-2: Strikes out swinging
Batting: RHB Juan Cervantes 0-0: Foul Ball, location: 2F
0-1: Swinging Strike
0-2: Ball
1-2: Ball
2-2: Strikes out swinging
Top of the 2nd over - 0 runs, 1 hit, 0 errors, 1 left on base; Akron 0 - Bowie 0
BOTTOM OF THE 2ND
Bowie Baysox batting - Pitching for Akron RubberDucks : RHP David Isidro
Batting: RHB Toshinobu Ikeda 0-0: Called Strike
0-1: Called Strike
0-2: Ground out 4-3 (Groundball, 4, EV 89.4 MPH)
Batting: RHB Tommy Hughes 0-0: Called Strike
0-1: Ball
1-1: SINGLE (Line Drive, 6D, EV 103.1 MPH)
Batting: RHB Eric Meijerink 0-0: Called Strike
0-1: Fly out, F4 (Popup, 34S, EV 75.6 MPH)
Batting: RHB Raul Beltran 0-0: Swinging Strike
0-1: Fly out, F8 (Line Drive, 8LM, EV 96.9 MPH)
Bottom of the 2nd over - 0 runs, 1 hit, 0 errors, 1 left on base; Akron 0 - Bowie 0
TOP OF THE 3RD
Akron RubberDucks batting - Pitching for Bowie Baysox : RHP Jose Alarcon
Batting: RHB Matt All 0-0: Called Strike
0-1: Called Strike
0-2: Ball
1-2: Foul Ball, location: 2F
1-2: Ball
2-2: Strikes out looking
Batting: RHB Alejandro Gramajo 0-0: Foul Ball, location: 2F
0-1: Swinging Strike
0-2: Ground out 6-3 (Groundball, 56, EV 100.0 MPH)
Batting: LHB Kobo Tsuji 0-0: Ball
1-0: Swinging Strike
1-1: Swinging Strike
1-2: DOUBLE (Line Drive, 7LS, EV 92.5 MPH)
Batting: RHB Adam Crum 0-0: Ball
1-0: Ball
2-0: Ball
3-0: Called Strike
3-1: Foul Ball, location: 2F
3-2: Ground out 1-3 (Groundball, P, EV 74.4 MPH)
Top of the 3rd over - 0 runs, 1 hit, 0 errors, 1 left on base; Akron 0 - Bowie 0
BOTTOM OF THE 3RD
Bowie Baysox batting - Pitching for Akron RubberDucks : RHP David Isidro
Batting: RHB Ryan White 0-0: Called Strike
0-1: Ball
1-1: Ball
2-1: Ball
3-1: Foul Ball, location: 2F
3-2: Ground out 3-1 (Groundball, 34S, EV 83.8 MPH)
Batting: LHB Larry Prey 0-0: Ball
1-0: Ball
2-0: Called Strike
2-1: Swinging Strike
2-2: Foul Ball, location: 2F
2-2: Ball
3-2: Fly out, F6 (Popup, 6M, EV 64.4 MPH)
Batting: LHB Suguru Tokunaga 0-0: Ball
1-0: Ball
2-0: Called Strike
2-1: Called Strike
2-2: SINGLE (Groundball, 6M, EV 99.4 MPH) (infield hit)
Batting: RHB Sergio Godinez 0-0: Ball
Suguru Tokunaga steals 2nd base (no throw)
1-0: Called Strike
1-1: Swinging Strike
1-2: Foul Ball, location: 2F
1-2: Ball
2-2: Ground out 6-3 (Groundball, 6, EV 91.3 MPH)
Bottom of the 3rd over - 0 runs, 1 hit, 0 errors, 1 left on base; Akron 0 - Bowie 0
TOP OF THE 4TH
Akron RubberDucks batting - Pitching for Bowie Baysox : RHP Jose Alarcon
Batting: RHB Kensou Kumagai 0-0: Foul Ball, location: 2F
0-1: Ball
1-1: Called Strike
1-2: Foul Ball, location: 2F
1-2: Foul Ball, location: 2F
1-2: Foul Ball, location: 2F
1-2: SINGLE (Groundball, P, EV 81.9 MPH) (infield hit)
Batting: LHB Zach Guzman 0-0: DOUBLE (Line Drive, 9LS, EV 106.9 MPH)
Kensou Kumagai to third
Batting: RHB Jose Leal 0-0: Ball
1-0: Fly out, F8 (Flyball, 89M, EV 91.9 MPH)
Batting: LHB Ignacio Bernal 0-0: Ball
1-0: Ball
2-0: Ground out 4-3 (Groundball, 4, EV 89.4 MPH)
Kensou Kumagai scores
Zach Guzman to third
Batting: RHB Juan Cervantes 0-0: Ball
1-0: Ball
2-0: Called Strike
2-1: Called Strike
2-2: Ground out 4-3 (Groundball, 4, EV 99.4 MPH)
Top of the 4th over - 1 run, 2 hits, 0 errors, 1 left on base; Akron 1 - Bowie 0
BOTTOM OF THE 4TH
Bowie Baysox batting - Pitching for Akron RubberDucks : RHP David Isidro
Batting: SHB Olaf Zoeteman 0-0: Ball
1-0: Ball
2-0: Called Strike
2-1: Swinging Strike
2-2: Fly out, F8 (Flyball, 78M, EV 76.3 MPH)
Batting: RHB Toshinobu Ikeda 0-0: Ball
1-0: Fly out, F4 (Flyball, 34D, EV 90.0 MPH)
Batting: RHB Tommy Hughes 0-0: Swinging Strike
0-1: Ball
1-1: Foul Ball, location: 2F
1-2: Ball
2-2: Ball
3-2: Foul Ball, location: 2F
3-2: Base on Balls
Batting: RHB Eric Meijerink 0-0: Ball
1-0: Swinging Strike
1-1: SINGLE (Flyball, 89S, EV 95.6 MPH)
Tommy Hughes to second
Batting: RHB Raul Beltran 0-0: Swinging Strike
0-1: Swinging Strike
0-2: Ball
1-2: Strikes out swinging
Bottom of the 4th over - 0 runs, 1 hit, 0 errors, 2 left on base; Akron 1 - Bowie 0
TOP OF THE 5TH
Akron RubberDucks batting - Pitching for Bowie Baysox : RHP Jose Alarcon
Batting: RHB Matt All 0-0: Foul Ball, location: 2F
0-1: Foul Ball, location: 2F
0-2: Ball
1-2: Ball
2-2: Strikes out looking
Batting: RHB Alejandro Gramajo 0-0: Ball
1-0: Ball
2-0: Called Strike
2-1: Foul Ball, location: 2F
2-2: Strikes out swinging
Batting: LHB Kobo Tsuji 0-0: Ground out 4-3 (Groundball, 4, EV 106.3 MPH)
Top of the 5th over - 0 runs, 0 hits, 0 errors, 0 left on base; Akron 1 - Bowie 0
BOTTOM OF THE 5TH
Bowie Baysox batting - Pitching for Akron RubberDucks : RHP David Isidro
Batting: RHB Ryan White 0-0: Ball
1-0: Ball
2-0: SINGLE (Groundball, 34D, EV 93.8 MPH)
Batting: LHB Larry Prey 0-0: Ball
Ryan White steals 2nd, throwing error, E2
Ryan White to third
1-0: Fly out, F5 (Popup, 56S, EV 81.3 MPH)
Batting: LHB Suguru Tokunaga 0-0: Ball
1-0: Called Strike
1-1: DOUBLE (Line Drive, 89D, EV 111.3 MPH)
Ryan White scores
Batting: RHB Sergio Godinez 0-0: Ball
1-0: Foul Ball, location: 2F
1-1: Foul Ball, location: 2F
1-2: Ball
2-2: Fly out, F8 (Line Drive, 8LM, EV 103.8 MPH)
Batting: SHB Olaf Zoeteman 0-0: Called Strike
0-1: Foul Ball, location: 2F
0-2: Ball
1-2: Foul Ball, location: 2F
1-2: Ball
2-2: Ball
3-2: Strikes out swinging
Bottom of the 5th over - 1 run, 2 hits, 1 error, 1 left on base; Akron 1 - Bowie 1
TOP OF THE 6TH
Akron RubberDucks batting - Pitching for Bowie Baysox : RHP Jose Alarcon
Batting: RHB Adam Crum 0-0: SOLO HOME RUN (Flyball, 7D, EV 97.5 MPH), Distance : 384 ft
Batting: RHB Kensou Kumagai 0-0: DOUBLE (Flyball, 8RXD, EV 108.1 MPH)
Batting: LHB Zach Guzman 0-0: Ground out 6-3 (Groundball, 6, EV 86.9 MPH)
Batting: RHB Jose Leal 0-0: Called Strike
0-1: Ball
1-1: Ball
2-1: SINGLE (Groundball, 6MD, EV 96.3 MPH)
Kensou Kumagai to third
Runner from 3rd tries for Home, SAFE, throw by CF to home
Batting: LHB Ignacio Bernal 0-0: Foul Ball, location: 2F
0-1: Ball
1-1: Ball
2-1: Called Strike
2-2: Ball
3-2: Foul Ball, location: 2F
3-2: SINGLE (Groundball, 6, EV 96.3 MPH)
Jose Leal to second
Batting: RHB Juan Cervantes 0-0: Ball
1-0: Ball
2-0: Fly out, F9 (Flyball, 89D, EV 101.3 MPH)
Runner from 2nd tags up, SAFE at 3rd, no throw by RF
Batting: RHB Matt All 0-0: Fly out, F5 (Line Drive, 5, EV 67.5 MPH)
Top of the 6th over - 2 runs, 4 hits, 0 errors, 2 left on base; Akron 3 - Bowie 1
BOTTOM OF THE 6TH
Bowie Baysox batting - Pitching for Akron RubberDucks : RHP David Isidro
Pitching: RHP Mike O'Connor
Batting: RHB Toshinobu Ikeda 0-0: Swinging Strike
0-1: Called Strike
0-2: Foul Ball, location: 2F
0-2: Ball
1-2: Strikes out swinging
Batting: RHB Tommy Hughes 0-0: Ball
1-0: Fly out, F7 (Flyball, 7D, EV 105.0 MPH)
Batting: RHB Eric Meijerink 0-0: Ground out 4-3 (Groundball, 4, EV 85.0 MPH)
Bottom of the 6th over - 0 runs, 0 hits, 0 errors, 0 left on base; Akron 3 - Bowie 1
TOP OF THE 7TH
Akron RubberDucks batting - Pitching for Bowie Baysox : RHP Jose Alarcon
Batting: RHB Alejandro Gramajo 0-0: Ball
1-0: Called Strike
1-1: Ball
2-1: Foul Ball, location: 2F
2-2: Strikes out swinging
Batting: LHB Kobo Tsuji 0-0: Ball
1-0: Foul Ball, location: 2F
1-1: Foul Ball, location: 2F
1-2: Ball
2-2: Ball
3-2: Base on Balls
Batting: RHB Adam Crum 0-0: Fly out, F9 (Flyball, 9LM, EV 92.5 MPH)
Batting: RHB Kensou Kumagai 0-0: Ball
Kobo Tsuji is caught stealing 2nd base 2-4
Top of the 7th over - 0 runs, 0 hits, 0 errors, 0 left on base; Akron 3 - Bowie 1
BOTTOM OF THE 7TH
Bowie Baysox batting - Pitching for Akron RubberDucks : RHP Mike O'Connor
Batting: RHB Raul Beltran 0-0: Ball
1-0: SINGLE (Line Drive, 89M, EV 102.5 MPH)
Pinch Hitting: LHB Andy Marchand 0-0: Ball
1-0: Bunted foul
1-1: Bunted foul
1-2: Foul Ball, location: 2F
1-2: Ball
2-2: Ball
3-2: Foul Ball, location: 2F
3-2: SINGLE (Line Drive, 4MD, EV 94.4 MPH)
Raul Beltran to second
Runner from 2nd tries for 3rd, SAFE, throw by CF made to third
Batting: LHB Larry Prey 0-0: Called Strike
0-1: Ball
1-1: DOUBLE (Line Drive, 7LM, EV 108.8 MPH)
Raul Beltran scores
Andy Marchand to third
Batting: LHB Suguru Tokunaga 0-0: Called Strike
0-1: Ball
1-1: Swinging Strike
1-2: Ball
2-2: Foul Ball, location: 2F
2-2: Foul Ball, location: 2F
2-2: Ball
3-2: SINGLE (Line Drive, 6MD, EV 95.0 MPH)
Andy Marchand scores
Larry Prey to third
Batting: RHB Sergio Godinez 0-0: Ball
1-0: Ball
2-0: Foul Ball, location: 2F
2-1: Foul Ball, location: 2F
2-2: Ball
3-2: Foul Ball, location: 2F
3-2: Foul Ball, location: 2F
3-2: Foul Ball, location: 2F
3-2: SINGLE (Line Drive, 8RS, EV 107.5 MPH)
Larry Prey scores
Suguru Tokunaga to second
Batting: SHB Olaf Zoeteman 0-0: Ball
1-0: Swinging Strike
1-1: Ball
2-1: Foul Ball, location: 2F
2-2: Ball
3-2: Grounds into double play, U6-3 (Groundball, 4M, EV 76.9 MPH)
Suguru Tokunaga to third
Batting: RHB Toshinobu Ikeda 0-0: SINGLE (Groundball, 4MD, EV 103.8 MPH)
Suguru Tokunaga scores
Pitching: RHP Juan Espinosa
Batting: RHB Tommy Hughes 0-0: Ball
1-0: Ground out 4-3 (Groundball, 4, EV 76.3 MPH)
Bottom of the 7th over - 4 runs, 6 hits, 0 errors, 1 left on base; Akron 3 - Bowie 5
TOP OF THE 8TH
Akron RubberDucks batting - Pitching for Bowie Baysox : RHP Jose Alarcon
Pitching: RHP Ryan Poklemba
Now in RF: Andy Marchand
Batting: RHB Kensou Kumagai 0-0: Ball
1-0: Called Strike
1-1: Foul Ball, location: 2F
1-2: Foul Ball, location: 2F
1-2: Fly out, F8 (Flyball, 8LS, EV 85.6 MPH)
Batting: LHB Zach Guzman 0-0: Ball
1-0: Ball
2-0: Ball
3-0: Called Strike
3-1: Base on Balls
Batting: RHB Jose Leal 0-0: Called Strike
0-1: Ball
1-1: Swinging Strike
1-2: Strikes out swinging
Batting: LHB Ignacio Bernal 0-0: Ground out U3 (Groundball, 34S, EV 87.5 MPH)
Top of the 8th over - 0 runs, 0 hits, 0 errors, 1 left on base; Akron 3 - Bowie 5
BOTTOM OF THE 8TH
Bowie Baysox batting - Pitching for Akron RubberDucks : RHP Juan Espinosa
Batting: RHB Eric Meijerink 0-0: Foul Ball, location: 2F
0-1: Ball
1-1: Fly out, F7 (Flyball, 7, EV 86.3 MPH)
Batting: RHB Raul Beltran 0-0: Ball
1-0: Ball
2-0: Foul Ball, location: 2F
2-1: Ground out 3-1 (Groundball, 34, EV 84.4 MPH)
Batting: LHB Andy Marchand 0-0: Ball
1-0: Ball
2-0: Called Strike
2-1: Foul Ball, location: 2F
2-2: Foul Ball, location: 2F
2-2: Ball
3-2: SINGLE (Line Drive, 89S, EV 95.6 MPH)
Batting: LHB Larry Prey 0-0: SINGLE (Groundball, 4MS, EV 68.8 MPH) (infield hit)
Andy Marchand to second
Batting: LHB Suguru Tokunaga 0-0: Foul Ball, location: 2F
0-1: Ball
1-1: Ball
2-1: Swinging Strike
2-2: Ground out 4-3 (Groundball, 34, EV 82.5 MPH)
Bottom of the 8th over - 0 runs, 2 hits, 0 errors, 2 left on base; Akron 3 - Bowie 5
TOP OF THE 9TH
Akron RubberDucks batting - Pitching for Bowie Baysox : RHP Ryan Poklemba
Pitching: RHP Paul Pittman
Batting: RHB Juan Cervantes 0-0: Ball
1-0: Called Strike
1-1: Ball
2-1: Foul Ball, location: 2F
2-2: Foul Ball, location: 2F
2-2: Reached on error, E5 (Groundball, 56, EV 91.9 MPH)
Pinch Hitting: SHB Ben Borden 0-0: Called Strike
0-1: Ball
1-1: Ball
2-1: Foul Ball, location: 2F
2-2: Ball
3-2: Strikes out swinging
Batting: RHB Alejandro Gramajo 0-0: Swinging Strike
0-1: Ball
1-1: Foul Ball, location: 2F
1-2: DOUBLE (Line Drive, 9LS, EV 105.6 MPH)
Juan Cervantes to third
Batting: LHB Kobo Tsuji 0-0: Ball
1-0: Called Strike
1-1: Called Strike
1-2: Foul Ball, location: 2F
1-2: Ball
2-2: Foul Ball, location: 2F
2-2: Strikes out swinging
Batting: RHB Adam Crum 0-0: Ground out 6-3 (Groundball, 56D, EV 86.3 MPH)
Top of the 9th over - 0 runs, 1 hit, 1 error, 2 left on base; Akron 3 - Bowie 5
Thursday, March 31st , 2022 - OOTP Baseball 22.12 Build 89